 Dungeon Crawl Stone Soup version 0.16-b1 (webtiles) character file.

1023 McCoppin the Covert (level 8, -2/37 HPs)
             Began as a Spriggan Assassin on Mar 10, 2015.
             Was an Initiate of Dithmenos.
             Slain by an adder (4 damage)
             ... on level 5 of the Dungeon.
             The game lasted 00:24:44 (3628 turns).

McCoppin the Covert (Spriggan Assassin)             Turns: 3628, Time: 00:24:44

Health: -2/37      AC:  3    Str:  7    XL:     8   Next: 2%
Magic:  16/16      EV: 17    Int: 13    God:    Dithmenos [......]
Gold:   98         SH:  0    Dex: 19    Spells: 0 memorised, 7 levels left

rFire  + . .     SeeInvis +     b - +0 blowgun
rCold  + . .     Clarity  .     c - +0 robe
rNeg   . . .     SustAb   .     (shield restricted)
rPois  +         Gourm    .     (helmet restricted)
rElec  +         Spirit   .     d - +0 cloak
rCorr  +         Warding  .     (gloves unavailable)
rMut   .         Stasis   .     (boots unavailable)
MR     +....                    (no amulet)
Stlth  +++++.....               (no ring)
                                (no ring)

@: lethally poisoned (-2 -> -3), resistant, very quick, somewhat resistant to
hostile enchantments, quite stealthy
A: unfitting armour, see invisible, herbivore 3, speed 3, slow metabolism 2
a: Renounce Religion


You were on level 5 of the Dungeon.
You worshipped Dithmenos.
Dithmenos was noncommittal.
You were not hungry.

You visited 1 branch of the dungeon, and saw 5 of its levels.

You collected 98 gold pieces.

Inventory:

Hand weapons
 a - a +0 hunting sling
 b - a +0 blowgun (weapon)
 q - a +1 dagger of electrocution
 t - a +2 dagger
Missiles
 f - 2 curare-tipped needles
 n - 9 poisoned needles (quivered)
 s - 21 stones
 z - 11 sling bullets
Armour
 c - a +0 robe (worn)
 d - a +0 cloak (worn)
Magical devices
 y - a wand of slowing (21)
Scrolls
 e - a scroll of remove curse
 i - a scroll of amnesia {unknown}
 j - 3 scrolls of identify {unknown}
 k - 2 scrolls of teleportation {unknown}
 v - a scroll of immolation {unknown}
Potions
 l - a potion of agility {unknown}
 r - a potion of poison {unknown}
 u - a potion of curing {unknown}
 A - a potion of resistance
Books
 x - a book of Control

   Spells                             Type                      Level
   a - Control Teleport               Charms/Translocation         4
   b - Control Undead                 Necromancy                   4
   c - Enslavement                    Hexes                        4
   d - Metabolic Englaciation         Hexes/Ice                    5
   e - Mass Confusion                 Hexes                        6
Comestibles
 g - a bread ration
 h - a royal jelly
 o - 2 slices of pizza
 B - 3 mutagenic chunks of flesh


   Skills:
 - Level 1.5 Fighting
 - Level 2.1 Short Blades
 + Level 8.6(8.8) Slings
 - Level 2.1(5.4) Throwing
 - Level 1.5 Dodging
 - Level 10.6 Stealth


You had 7 spell levels left.
You didn't know any spells.

Dungeon Overview and Level Annotations

Branches:
Dungeon (5/15)
 Temple: D:4-7

Altars:
Dithmenos
Fedhas
Kikubaaqudgha

Annotations:
D:5 Pikel


Innate Abilities, Weirdness & Mutations

You are tiny and cannot use many weapons and most armour.
You have supernaturally acute eyesight.
You are a herbivore.
You cover ground extremely quickly.
You need consume almost no food.


Message History

As you read the scroll labeled KIGAHUCYIW, it crumbles to dust.
You feel blessed for a moment.
It was a scroll of remove curse.
The orc wizard shouts!
You hear a shout!
You hear a shout!
The orc wizard gestures wildly while chanting.
The orc wizard blinks!
The adder barely misses you. The orc wizard casts a spell at you.
The puff of flame hits you! You resist.
* * * LOW HITPOINT WARNING * * *
Read which item? (? for menu, Esc to quit)
As you read the scroll labeled GREOTUF LON JIXOL, it crumbles to dust.
It is a scroll of recharging.
Charge which item? (? for menu, Esc to quit)
Your wand of slowing {zapped: 5} glows for a moment.
* * * LOW HITPOINT WARNING * * *
You feel sick. The adder misses you. The orc wizard misses you.
An orc wizard comes into view. It is wielding a dagger.
Read which item? (? for menu, Esc to quit)
As you read the scroll labeled XEUMYHU MUTRO, it crumbles to dust.
The scroll dissolves into smoke.
It was a scroll of fog.
The adder bites you.
You die...

###§.§..§§§§#.# *,*,,,,,
#......§..§...# *,*,**,*
#...§.._...§(.# *,*,**,*
#.§§§...§§§§§Y# *,,,,,,*
*,*§§...§§§§#.############**,**,,
*,*#§§§...§##.........(..,,,,**,*
*,*##§§.§§###.####..)(.#***.,,,,,
*,**##.(.####(####§.#..####.#**,,
*,*,#....(((((cS@o§§(..)..#.# ***
*,,,#.....###.####§.#o.##.#.#
***,##.#..#*#.# #.#.#.##.#.#
*,..........# #..........##
*#.....#########.#.........#
#.#.#.# #.......##.##.##.#
#.#.#.#* #.......##.......####
#.#....* #........#.)#.##.....
*,*##..**#....(...#..#........


You could see a centaur, an orc wizard and an adder.

Vanquished Creatures
  A slave (D:5)
  3 ogres
  2 phantoms (D:4)
  2 sky beasts (D:5)
  Sigmund (D:4)
  A giant frog zombie (D:5)
  A hound (D:4)
  An orc priest (D:5)
  2 iguanas (D:4)
  2 orc wizards
  A worker ant (D:4)
  Ijyb (D:5)
  A hound skeleton (D:5)
  2 adders
  A worm (D:5)
  An adder zombie (D:5)
  An adder skeleton (D:4)
  An ooze (D:4)
  12 orcs
  A ball python (D:2)
  3 bats (D:4)
  3 goblins (D:4)
  5 hobgoblins
  A quokka (D:3)
  A giant newt (D:4)
  6 kobolds
  A quokka skeleton (D:4)
  9 rats
67 creatures vanquished.

Notes
Turn   | Place    | Note
--------------------------------------------------------------
     0 | D:1      | McCoppin, the Spriggan Assassin, began the quest for the Orb.
     0 | D:1      | Reached XP level 1. HP: 10/10 MP: 2/2
    14 | D:1      | Reached skill level 6 in Stealth
   210 | D:2      | Reached XP level 2. HP: 14/14 MP: 4/4
   338 | D:3      | Found an ancient bone altar of Kikubaaqudgha.
   389 | D:3      | Reached skill level 7 in Stealth
   721 | D:4      | Reached skill level 8 in Stealth
   721 | D:4      | Reached XP level 3. HP: 18/18 MP: 6/6
   757 | D:4      | Noticed an ogre
   856 | D:4      | Killed an ogre
   856 | D:4      | Reached skill level 9 in Stealth
   856 | D:4      | Reached XP level 4. HP: 14/22 MP: 8/8
   856 | D:4      | Reached XP level 5. HP: 15/25 MP: 10/10
   883 | D:4      | Noticed Sigmund
   892 | D:4      | Killed Sigmund
   892 | D:4      | Reached skill level 10 in Stealth
  1102 | D:4      | Reached skill level 1 in Slings
  1178 | D:4      | Reached XP level 6. HP: 30/30 MP: 12/12
  1626 | D:4      | Noticed a phantom
  1741 | D:4      | Killed a phantom
  1823 | D:4      | Found a blossoming altar of Fedhas.
  2415 | D:4      | Reached skill level 5 in Slings
  2415 | D:4      | Reached XP level 7. HP: 29/33 MP: 14/14
  2767 | D:5      | Entered Level 5 of the Dungeon
  2938 | D:5      | Noticed Pikel
  2943 | D:5      | Noticed Ijyb
  3338 | D:5      | Killed Ijyb
  3572 | D:5      | Reached XP level 8. HP: 37/37 MP: 16/16
  3600 | D:5      | Found a shadowy altar of Dithmenos.
  3609 | D:5      | Became a worshipper of Dithmenos the Shadowed
  3628 | D:5      | Slain by an adder

Action                   |  1- 3 |  4- 6 |  7- 9 || total
-------------------------+-------+-------+-------++-------
Melee: Dagger            |    23 |     6 |    12 ||    41
 Fire: Blowgun           |    32 |    11 |    43 ||    86
       Hunting sling     |       |   129 |    72 ||   201
Evoke: Wand              |       |     2 |       ||     2
  Use: Scroll            |       |       |     4 ||     4
       Potion            |       |       |     1 ||     1
 Stab: Sleeping          |     8 |     4 |     6 ||    18
       Distracted        |       |       |     3 ||     3
